Unix xNetHack Version 8.0.0 - last build Jan 14 2024 16:46:22 (be4d3c81716514284228e1a23197c27ddb32b841). Game began 2024-03-10 15:37:36, ended 2024-03-10 18:23:19. Catomat, neutral female human Wizard a @ -.---- |#..... |..%.*| |<..[.| |....[| |.....| ------- Catomat the Thaumaturge St:6 Dx:18 Co:11 In:18 Wi:11 Ch:9 Neutral S:2563 Dlvl:4 $:141 HP:0(47) Pw:23(68) AC:7 Xp:6/543 T:3909 Deaf Latest messages: The spell hits the rabid rat! The rabid rat bites! In what direction? The spell hits the rabid rat! You kill the rabid rat! $ - 7 gold pieces {0} (141 in total). You see here an expensive camera. You hear someone counting gold coins. P - an expensive camera {12}. In what direction? The spell hits the hill orc! In what direction? The spell hits the hill orc! You kill the hill orc! A cyan potion shatters! You smell a peculiar odor... It smells sweet. There are a few objects here. The newt bites! You kill the newt! You jab the rothe. The rothe hits! The rothe bites! The rothe bites again! In what direction? The spell misses the rothe. The rothe hits! The rothe bites! The rothe bites again! The copper dagger hits the rothe. In what direction? The spell hits the rothe! You kill the rothe! The spell hits it. You kill it! There are two objects here. There is a rothe corpse here; eat it? [ynq] (n) Blecch! Rotten food! The world spins and goes dark. The killer bee stings! The killer bee stings! The killer bee stings! The killer bee stings! The killer bee stings! The killer bee stings! The killer bee stings! The killer bee stings! You die... Do you want your possessions identified? [ynq] (y) Do you want to see your attributes? [ynq] (y) Inventory: Inventory: 269/475 weight (13/52 slots) Coins $ - 141 gold pieces {1} Weapons p - 5 +0 daggers {50} w - 3 +0 mithril daggers (wielded) {18} a - a blessed +1 quarterstaff {40} Armor B - an uncursed +0 pair of dwarvish boots (being worn) {38} C - an uncursed +0 cloak of magic resistance (being worn) {8} b - a blessed +0 dwarvish cloak {10} Comestibles O - an uncursed cream pie {10} m - an uncursed food ration {20} q - an uncursed lembas wafer {5} N - an uncursed yellow mold corpse {50} Scrolls M - an uncursed scroll of teleportation {5} Tools z - an uncursed blindfold {2} P - an expensive camera (0:44) {12} Catomat the Wizard's attributes: Background: You were a Thaumaturge, a level 6 female human Wizard. You were neutral, on a mission for Thoth who was opposed by Ptah (lawful) and Anhur (chaotic). You were heterosexual. You were in the Dungeons of Doom, on level 4. You entered the dungeon 3909 turns ago. There was a new moon in effect when your adventure ended. You had 543 experience points, 97 more were needed to attain level 7. Your score was 2563 before end-of-game adjustments. Basics: You had 0 out of 47 hit points. You had 23 out of 68 energy points (spell power). Your armor class was 7. Your wallet contained 141 zorkmids. Autopickup was on for '$"?!=/' plus thrown. Final Characteristics: Your strength was 6 (peak:10, limit:18/100). Your dexterity was 18 (limit:18). Your constitution was 11 (limit:18). Your intelligence was 18 (limit:18). Your wisdom was 11 (limit:18). Your charisma was 9 (limit:18). Final Status: You were deaf. You were not hungry. You were unencumbered. You were wielding daggers. You had basic skill with dagger. Final Attributes: You were piously aligned. You were magic-protected. You were warded. You are dead. Miscellaneous: You never encountered a bones level. Total elapsed playing time was 1 hour, 54 minutes and 7 seconds. Major events: Turn 1: Catomat the neutral female human Wizard entered the dungeon 624: entered the Gnomish Mines 705: attained the rank of Conjurer (level 3) 1739: attained the rank of Thaumaturge (level 6) 3909: killed by a killer bee, while unconscious from rotten food Vanquished creatures: a leprechaun 4 gnome leaders 2 gnomish wizards 4 giant ants a floating eye a kitten 5 dwarves 3 hill orcs a rothe a rabid rat a coyote 2 hobbits a large kobold 3 yellow molds 21 gnomes 3 garter snakes a gnome zombie 3 geckos 2 jackals a kobold 2 goblins 7 grid bugs a bat 4 lichens a kobold zombie 4 newts 80 creatures vanquished. No species were genocided or became extinct. Voluntary challenges: You read items or engraved 2 times. You never genocided any monsters. You never polymorphed an object. You never changed form. You never touched an artifact. You used no wishes. You never scared an enemy with impunity. You were celibate. You never generated conflict. Achievements: You entered the Gnomish Mines. You attained the rank of Conjurer. You attained the rank of Thaumaturge. You entered a temple. You entered a shop. Dungeon overview: The Dungeons of Doom: levels 1 to 4 Level 1: Level 2: Many fountains. Stairs down to The Gnomish Mines. Level 3: "shopkeeper mad" A general store, a tree. Level 4: <- You were here. A tree. Final resting place for you, killed by a killer bee, while unconscious from rotten food. The Gnomish Mines: levels 3 to 6 Level 3: Level 4: "spellbooks by upstairs" Level 5: "storage opposite altar" Many shops, a temple, some fountains. Level 6: Game over: __________ / \ / REST \ / IN \ / PEACE \ / \ | Catomat | | 141 Au | | killed by a | | killer bee | | | | | | 2024 | *| * * * | * _________)/\\_//(\/(/\)/\//\/|_)_______ Goodbye Catomat the Wizard... You died in The Dungeons of Doom on dungeon level 4 with 2549 points, and 141 pieces of gold, after 3909 moves. You were level 6 with a maximum of 47 hit points when you died.